Map: Beckett Industries LE

Players

ItsChapo

  • Race: Protoss Protoss
  • League: Gold

Throwfordays - Winner!

  • Race: Protoss Protoss
  • League: Silver

VOD

Have the link to the VOD?

Description

Time

  • Played on: Aug. 27, 2021, 12:01 a.m.
  • Length: 7:25
Show
View Real Time Build Order
Export as new Build Order

ItsChapo Protoss 

Build Orders:  

Get SALT Encoding   

  12  0:00  Probe (Chrono Boost)  
  13  0:11  Probe (Chrono Boost)  
  14  0:16  Probe (Chrono Boost)  
  15  0:21  Pylon  
  15  0:39  Probe  
  15  0:40  Forge  
  16  0:45  Assimilator  
  16  0:51  Probe  
  16  1:05  Probe (Chrono Boost)  
  17  1:15  Probe (Chrono Boost)  
  17  1:16  Gateway  
  18  1:20  Probe (Chrono Boost)  
  18  1:25  Photon Cannon  
  19  1:31  Probe  
  20  1:35  Assimilator  
  20  1:43  Probe  
  21  1:49  Pylon  
  21  1:56  Probe  
  22  2:11  Cybernetics Core  
  22  2:20  Photon Cannon  
  22  2:21  Zealot (Chrono Boost)  
  24  2:36  Protoss Shields Level 1  
  24  2:43  Zealot (Chrono Boost)  
  26  3:01  Nexus  
  26  3:05  Warp Gate  
  26  3:14  Sentry  
  28  3:21  Pylon  
  28  3:34  Pylon  
  28  3:38  Stargate  
  28  3:41  Pylon  
  28  3:59  Photon Cannon  
  28  4:08  Shield Battery  
  28  4:13  Probe (Chrono Boost)  
  29  4:20  Stalker  
  29  4:23  Probe (Chrono Boost)  
  32  4:28  Probe (Chrono Boost)  
  32  4:30  Pylon  
  33  4:36  Void Ray  
  33  4:39  Probe  
  38  4:52  Probe  
  37  5:00  Protoss Air Weapons Level 1  
  37  5:08  Photon Cannon  
  37  5:24  Photon Cannon  
  37  5:28  Shield Battery  
  37  5:30  Void Ray  
  37  5:33  Stalker  
  43  5:47  Probe (Chrono Boost)  
  44  5:52  Assimilator  
  44  5:56  Probe (Chrono Boost)  
  45  5:58  Photon Cannon  
  45  6:02  Photon Cannon, Probe (Chrono Boost)  
  46  6:13  Probe (Chrono Boost)  
  47  6:18  Probe (Chrono Boost)  
  47  6:19  Phoenix  
  50  6:31  Stalker  
  52  6:35  Probe (Chrono Boost)  
  53  6:44  Phoenix  
  53  6:45  Probe (Chrono Boost)  
Show
View Real Time Build Order
Export as new Build Order

Throwfordays Protoss - Winner!

Build Orders:  

Get SALT Encoding   

  12  0:01  Probe (Chrono Boost)  
  13  0:13  Probe (Chrono Boost)  
  14  0:22  Pylon, Probe (Chrono Boost)  
  15  0:40  Gateway  
  15  0:43  Probe  
  15  0:49  Assimilator  
  16  0:55  Probe  
  17  1:08  Probe (Chrono Boost)  
  18  1:20  Probe (Chrono Boost)  
  19  1:27  Cybernetics Core  
  19  1:28  Probe (Chrono Boost)  
  20  1:34  Probe  
  20  1:36  Assimilator  
  21  1:47  Probe  
  22  2:02  Nexus  
  22  2:06  Warp Gate  
  22  2:10  Probe  
  23  2:21  Stargate  
  23  2:31  Pylon  
  23  2:41  Assimilator  
  23  2:44  Assimilator  
  23  2:49  Adept  
  23  2:50  Shield Battery  
  25  2:58  Probe  
  26  3:06  Void Ray (Chrono Boost)  
  26  3:10  Probe  
  27  3:19  Probe (Chrono Boost)  
  33  3:28  Probe (Chrono Boost)  
  33  3:31  Probe (Chrono Boost)  
  34  3:36  Void Ray, Probe (Chrono Boost)  
  35  3:43  Probe  
  35  3:45  Probe  
  40  3:55  Probe  
  40  3:57  Probe  
  40  3:58  Adept  
  43  4:07  Probe  
  45  4:10  Probe  
  45  4:17  Pylon  
  45  4:19  Probe  
  45  4:21  Pylon  
  46  4:29  Void Ray  
  46  4:35  Probe x2  
  52  4:47  Probe  
  51  5:02  Probe  
  51  5:03  Void Ray (Chrono Boost)  
  51  5:06  Probe  
  57  5:14  Probe  
  57  5:17  Stargate  
  57  5:18  Probe  
  59  5:26  Stargate, Probe  
  59  5:27  Protoss Air Weapons Level 1 (Chrono Boost)  
  60  5:30  Probe  
  61  5:42  Fleet Beacon  
  61  5:57  Pylon  
  61  6:00  Pylon  
  61  6:09  Void Ray x2  
  61  6:12  Void Ray  
Tags
 
Add a new tag
Caveats
  • Supply blocks, unpowered buildings, or Contaminate may cause inaccurate times.
  • Supply counts are checked every 10 seconds.